 Dungeon Crawl Stone Soup version 0.22-a0-443-g17c3723931 (webtiles) character file.

42 Ordine the Shield-Bearer (level 3, 29/29 HPs)
             Began as a Formicid Fighter on June 1, 2018.
             Quit the game on level 2 of the Dungeon.
             The game lasted 00:03:18 (1390 turns).

Ordine the Shield-Bearer (Formicid Fighter)         Turns: 1390, Time: 00:03:19

Health: 29/29      AC:  6    Str: 20    XL:     3   Next: 80%
Magic:  3/3        EV:  8    Int:  8    God:
Gold:   79         SH:  9    Dex: 10    Spells: 2/2 levels left

rFire    . . .     SeeInvis +   a - +0 long sword
rCold    . . .     Gourm    .   c - +0 shield
rNeg     . . .     Faith    .   b - +0 scale mail
rPois    .         Spirit   .   (helmet unavailable)
rElec    .         Reflect  .   (no cloak)
rCorr    .         Harm     .   (no gloves)
MR       .....                  (no boots)
Stlth    ..........             (no amulet)
HPRegen  0.09/turn              (no ring)
MPRegen  0.08/turn              (no ring)

@: no status effects
A: permanent stasis, dig shafts and tunnels, four strong arms, antennae 3
a: Dig, Shaft Self


You were on level 2 of the Dungeon.
You were not hungry.

You visited 1 branch of the dungeon, and saw 2 of its levels.

You collected 79 gold pieces.

Inventory:

Hand Weapons
 a - a +0 long sword (weapon)
 e - a +4 falchion
Missiles
 k - 4 tomahawks (quivered)
Armour
 b - a +0 scale mail (worn)
 c - a +0 shield (worn)
 l - a +3 ring mail of fire resistance
Jewellery
 j - an uncursed amulet of the acrobat {unknown}
Potions
 d - a potion of might
 h - 2 potions of mutation {unknown}
Comestibles
 f - 5 rations
 g - 3 chunks of flesh


   Skills:
 - Level 3.2 Fighting
 * Level 3.3 Long Blades
 - Level 3.2 Armour
 + Level 4.2 Shields


You had 2 spell levels left.
You didn't know any spells.
Your spell library was empty.

Dungeon Overview and Level Annotations

Branches:
Dungeon (2/15)

Altars:


Innate Abilities, Weirdness & Mutations

You cannot be hasted, slowed, berserked, paralysed or teleported.
You can dig through walls and to a lower floor.
Your four strong arms can wield two-handed weapons with a shield.
You have a pair of large antennae on your head. (SInv)


Message History

You closely miss the hobgoblin.
The hobgoblin is almost dead.
You block the hobgoblin's attack. The hobgoblin completely misses you.
You barely miss the hobgoblin.
The hobgoblin is almost dead.
You block the hobgoblin's attack.
You hit the hobgoblin.
You kill the hobgoblin!
No target in view!
No target in view!
A bat comes into view.
You see here a hobgoblin corpse.
You butcher the hobgoblin corpse.
g - 3 chunks of flesh (gained 1)
You hit the bat but do no damage. The bat barely misses you.
You riposte.
You slash the bat!
You kill the bat!
No target in view!
No target in view!
Are you sure you want to abandon this character and quit the game? (Confirm with "yes".)

#. #. .. #!
#####.#
.......##
........#
...###@######
.%...........#
....###.####.#
.. #.# #.# #.
..# #$# #.# ..
... ..# #.# .#
#.# ### #.# .#
#.# #.# .# #.#
#.#


There were no monsters in sight!

Vanquished Creatures
  A dart slug (D:1)
  4 orcs (D:2)
  A ball python (D:1)
  2 giant cockroaches (D:2)
  5 goblins
  3 hobgoblins
  4 jackals
  5 bats
  3 frilled lizards
  3 kobolds
  3 rats
34 creatures vanquished.

Notes
Turn   | Place    | Note
-------+----------+-------------------------------------------
     0 | D:1      | Ordine the Formicid Fighter began the quest for the Orb.
     0 | D:1      | Reached XP level 1. HP: 18/18 MP: 1/1
    92 | D:1      | Reached XP level 2. HP: 23/24 MP: 2/2
   649 | D:1      | Reached skill level 4 in Shields
   899 | D:2      | Reached XP level 3. HP: 27/29 MP: 3/3
  1390 | D:2      | Quit the game

Vault maps used:
D:1:      mrwooster_arrival_statue_2

Skill      XL: |  1  2  3 |
---------------+----------+-----
Shields        | 4 |  4.2
Long Blades    | 3 |  3.3
Fighting       | |  3.2
Armour         | |  3.2

Action                   || total
-------------------------++-------
Melee: Long sword        ||   117
  Use: Scroll            ||     3
  Eat: Chunk             ||     2
Armor: Scale mail        ||    52
Dodge: Dodged            ||    40
Block: Shield            ||    72
       Rpst.: Long sword ||     6

Table legend:
 A = Spawn XP
 B = Non-spawn XP
 C = Spawn XP percentage of total XP
 D = Spawn monster count
 E = Non-spawn monster count
 F = Spawn count percentage of total count
 G = Total turns spent on level
                    A         B        C        D         E        F      G
               +---------+---------+-------+---------+---------+-------+---------
         Total |       0 |      61 |   0.0 |       0 |      34 |   0.0 |  1390
               +---------+---------+-------+---------+---------+-------+---------
           D:1 |       0 |      27 |   0.0 |       0 |      16 |   0.0 |   892
           D:2 |       0 |      34 |   0.0 |       0 |      18 |   0.0 |   498
               +---------+---------+-------+---------+---------+-------+---------
